 Dungeon Crawl Stone Soup version 0.26-a0-812-g31a745ddcd (webtiles) character file.

Game seed: 6346725926389557260

333 Morbidden the Conjurer (level 6, 0/75 HPs)
             Began as a Draconian Conjurer on Nov 13, 2020.
             Was a Follower of Vehumet.
             Killed by divine providence
             ... invoked by an orc priest
              (13 damage)
             ... on level 3 of the Dungeon.
             The game lasted 00:06:55 (3710 turns).

Morbidden the Conjurer (Draconian Conjurer)         Turns: 3710, Time: 00:06:56

Health: 0/75       AC: 23    Str:  9    XL:     6   Next: 27%
Magic:  2/11       EV:  2    Int: 20    God:    Vehumet [*.....]
Gold:   161        SH:  0    Dex: 10    Spells: 8/12 levels left

rFire    . . .     SeeInvis .   n - staff of conjuration
rCold    . . .     Faith    .   (no shield)
rNeg     + + +     Spirit   .   (armour unavailable)
rPois    +         Reflect  .   (helmet currently unavailable)
rElec    .         Harm     .   (cloak currently unavailable)
rCorr    .         Rampage  .   (gloves currently unavailable)
MR       .....     NoTele   +   (boots currently unavailable)
Stlth    ++........             (no amulet)
HPRegen  0.22/turn              (no ring)
MPRegen  0.12/turn              (no ring)

@: brilliant, lethally poisoned (0 -> -5), tree-form, attractive
A: unfitting armour, AC +6
a: Renounce Religion


You were on level 3 of the Dungeon.
You worshipped Vehumet.
Vehumet was aware of your devotion.
You were a tree.
You visited 1 branch of the dungeon, and saw 4 of its levels.

You collected 161 gold pieces.

Inventory:

Armour
 e - a +0 pair of gloves (melded)
Magical Staves
 n - an uncursed staff of conjuration (weapon)
Jewellery
 i - an uncursed ring of flight
Wands
 g - a wand of flame (4)
Scrolls
 b - 2 scrolls of fear {unknown}
 c - a scroll of identify {unknown}
 d - a scroll of blinking {unknown}
 f - a scroll of fog {unknown}
 j - 6 scrolls of amnesia {unknown}
 k - a scroll of immolation {unknown}
 l - a scroll of teleportation {unknown}
Potions
 a - a potion of mutation


   Skills:
 * Level 2.5 Fighting
   Level 0.1 Maces & Flails
 + Level 2.0 Dodging
 + Level 2.1 Stealth
 * Level 3.7 Spellcasting
 * Level 5.9 Conjurations


You had 8 spell levels left.
You knew the following spells:

 Your Spells              Type           Power        Failure   Level
a - Magic Dart            Conj           ####         1%          1
b - Searing Ray           Conj           ######       1%          2
c - Freeze                Ice            #...         13%         1

Your spell library contained the following spells:

 Spells                   Type           Power        Failure   Level
 Dazzling Flash           Conj/Hex       #####.       12%         3
 Fulminant Prism          Conj/Hex       #####.....   36%         4
 Iskenderun's Mystic Bla  Conj/Tloc      #####...     36%         4


Dungeon Overview and Level Annotations

Branches:
Dungeon (4/15)
 Temple: D:4-7

Altars:
Nemelex Xobeh
Ru
Vehumet

Annotations:
D:3 Sigmund


Innate Abilities, Weirdness & Mutations

((Your plain brown scales are hard. (AC +6)))
You cannot fit into any form of body armour.
((You are cold-blooded and may be slowed by cold attacks.))
((You have very sharp fingernails.))


Message History

Aim: an orc priest, wielding a +2 flail of venom and wearing a +0 ring mail (heavily wounded)
You feel a strong surge of power!
The magic dart hits the orc priest but does no damage.
The orc priest is heavily wounded.
You feel sick. The worker ant barely misses you.
The giant cockroach bites you but does no damage.
The orc priest hits you but does no damage.
The worker ant bites you but does no damage.
Unknown command.
Unknown command.
Unknown command.
You hit the orc priest but do no damage.
The orc priest is heavily wounded.
You feel sick.
The giant cockroach bites you but does no damage.
The worker ant bites you.
* * * LOW HITPOINT WARNING * * *
The orc priest calls down the wrath of Beogh upon you.
Beogh smites you!
You die...

####....##...##.# #.# #.
......###.....#.# #.# #.
####..##........#######.#
#. #
#..##................# #.
# #..##.⌠.⌠.############
#[ # #..##.._..# #. #
#..###⌠.⌠.#
#################. # #..#
##...# #oB...............
#..# ##..#
#♣################
#..#####..# #B#
####.........###.#
.................#
....÷######.######
##<..<......#
############


You could see a worker ant, an orc priest and a giant cockroach.

Vanquished Creatures
  Jessica (D:2)
  Natasha (thrice) (D:2)
  Terence (D:2)
  8 gnolls
  4 adders
  3 worms
  3 dart slugs
  A leopard gecko (D:2)
  6 orcs
  2 ball pythons (D:3)
  3 giant cockroaches
  9 hobgoblins
  7 jackals
  5 kobolds
  A quokka (D:2)
  5 bats
  7 frilled lizards
  7 goblins
  6 rats
82 creatures vanquished.

Vanquished Creatures (others)
  3 plants (D:3)
3 creatures vanquished.

Grand Total: 85 creatures vanquished

Notes
Turn   | Place    | Note
-------+----------+-------------------------------------------
     0 | D:1      | Morbidden the Draconian Conjurer began the quest for the
                  | Orb.
     0 | D:1      | Reached XP level 1. HP: 14/14 MP: 3/3
   285 | D:1      | Reached XP level 2. HP: 20/20 MP: 1/5
   784 | D:1      | Reached skill level 1 in Fighting
  1059 | D:2      | Learned a level 2 spell: Searing Ray
  1180 | D:2      | Noticed Terence
  1241 | D:2      | Killed Terence
  1241 | D:2      | Reached XP level 3. HP: 23/28 MP: 1/6
  1530 | D:2      | Noticed Natasha
  1534 | D:2      | Killed Natasha
  1534 | D:2      | Reached XP level 4. HP: 27/36 MP: 2/7
  1645 | D:2      | Reached skill level 5 in Conjurations
  1823 | D:2      | Noticed Natasha
  1831 | D:2      | Killed Natasha
  1831 | D:2      | Reached XP level 5. HP: 35/41 MP: 2/9
  1988 | D:2      | Noticed Jessica
  1990 | D:2      | Killed Jessica
  2118 | D:2      | Found a radiant altar of Vehumet.
  2128 | D:2      | Became a worshipper of Vehumet
  2227 | D:2      | Noticed Natasha
  2233 | D:2      | Killed Natasha
  2673 | D:3      | Reached XP level 6. HP: 48/50 MP: 5/11
  3000 | D:3      | Found a sacrificial altar of Ru.
  3109 | D:3      | Reached * piety under Vehumet
  3109 | D:3      | Offered knowledge of Freeze by Vehumet.
  3112 | D:3      | Learned a level 1 spell: Freeze
  3405 | D:3      | Found a sparkling altar of Nemelex Xobeh.
  3431 | D:3      | Noticed Sigmund
  3703 | D:3      | Gained mutation: You have sharp fingernails. [potion of
                  | mutation]
  3703 | D:3      | Gained mutation: You have very sharp fingernails. [potion
                  | of mutation]
  3710 | D:3      | Killed from afar by an orc priest

Illustrated notes

Levels and vault maps discovered:
D:1:      minmay_arrival_floating_metal, layout_loops_ring
D:2:      layout_loops_cross, vehumet_crystals, minmay_tetromino_o4,
          uniq_jessica, uniq_terence, uniq_natasha
D:3:      layout_loops_ring, nemelex_xobeh_ov_fountains_minmay,
          nicolae_ru_path_of_blood, serial_bayou_pond_b, uniq_sigmund
D:4:      layout_cave_pools, overflow_temple_1_default, marbit_many_paths

Skill      XL: |  1  2  3  4  5  6 |
---------------+-------------------+-----
Fighting       | 1 2 |  2.5
Stealth        | 2 |  2.1
Conjurations   | 5 |  5.9
Spellcasting   | 3 |  3.7
Dodging        | 2 |  2.0
Maces & Flails | |  0.1

Action                   |  1- 3 |  4- 6 || total
-------------------------+-------+-------++-------
Melee: Flail             |     2 |    18 ||    20
       Tailslap          |       |     2 ||     2
       Staff             |       |     3 ||     3
 Cast: Magic Dart        |    45 |    72 ||   117
       Searing Ray       |     5 |    19 ||    24
  Use: Potion            |       |     4 ||     4
Armor: Skin              |     2 |    25 ||    27
Dodge: Dodged            |    10 |    34 ||    44

Table legend: (Time is in decaauts)
 A = Elapsed time spent in this place.
 B = Non-inter-level travel time spent in this place.
 C = Inter-level travel time spent in this place.
 D = Time resting spent in this place.
 E = Time spent auto-exploring this place.
 F = Levels seen in this place.
 G = Mean time per level.
                   A        B        C        D        E       F      G
               +--------+--------+--------+--------+--------+-----+--------+
         Total |   3737 |   3638 |     99 |    217 |   2962 |   4 |  934.2 |
       Dungeon |   3737 |   3638 |     99 |    217 |   2962 |   4 |  934.2 |
               +--------+--------+--------+--------+--------+-----+--------+

Top non-repeatable levels by time:
     D:2: 1452 daAuts
     D:1: 1162 daAuts
     D:3: 1058 daAuts
     D:4: 63 daAuts
